AoeStats
← bvh-*****

Nomad

509054878Analyzed
3v3 RM · 6d ago on Sep 25, 2026· 53m 5s· 6 players
Game mode
Random Map
Map size
210×210
Population
200
Speed
Normal
Resources
Standard
Victory
Conquest
Starting age
Dark Age
Ending age
Imperial Age
RankedLock teamsTeams togetherTeam positionsShared explorationLock speedFull tech treeHidden civsTurbo modeCheats
Victory
Defeat
🇷🇸 Byzantines · Serbia
633
+20
🇷🇴 Bohemians · Romania
597
+21
🇷🇴 Varangians · Romania
536
+23
🇳🇱 Burgundians · Netherlands
743
-23
🇹🇼 Byzantines · Taiwan
622
-18
Djgama17
6:52 Loom
20:27 Feudal Age
20:32 Man-at-Arms
22:08 Wheelbarrow
21:19 Town Watch
21:27 Double-Bit Axe
21:26 Horse Collar
24:30 Fishing Lines
26:23 Bloodlines
26:45 Stone Mining
26:45 Gold Mining
30:29 Castle Age
31:10 Scale Mail Armor
31:20 Forging
31:00 Fletching
31:10 Padded Archer Armor
31:16 Scale Barding Armor
32:17 Bow Saw
32:26 Hand Cart
33:53 Gillnets
40:59 Iron Casting
40:40 Chain Mail Armor
42:20 Fortified Wall
41:51 Treadmill Crane
43:37 Chain Barding Armor
44:10 Ballistics
43:51 Bodkin Arrow
47:30 Leather Archer Armor
47:20 Vendel Legacy
48:22 Masonry
48:18 Husbandry
48:12 Long Swordsman
48:37 Gambesons
48:52 Squires
48:38 Arson
52:46 Imperial Age
50:33 Town Patrol
50:19 Light Cavalry
52:19 Caravan
52:50 Coinage
52:59 Squires
Seeker
16:43 Feudal Age
18:14 Wheelbarrow
17:27 Double-Bit Axe
17:50 Horse Collar
28:14 Castle Age
27:44 Forging
27:34 Scale Mail Armor
28:15 Gold Mining
29:26 Bow Saw
29:36 Hand Cart
29:13 Arson
29:29 Squires
29:54 Heavy Plow
31:27 Stone Mining
33:38 Iron Casting
34:41 Chain Mail Armor
35:14 Elite Skirmisher
37:54 Gold Shaft Mining
37:59 Stone Shaft Mining
37:44 Fletching
39:47 Bodkin Arrow
44:43 Imperial Age
47:40 Crop Rotation
50:14 Elite Varangian Guard
51:09 Caravan
52:13 Plate Mail Armor
vladimirrr7
4:54 Loom
17:35 Feudal Age
21:38 Forging
21:28 Scale Mail Armor
21:33 Scale Barding Armor
21:19 Fletching
21:29 Padded Archer Armor
27:01 Castle Age
25:37 Wheelbarrow
24:48 Town Watch
27:53 Pikeman
28:33 Squires
32:50 Husbandry
43:50 Elite Skirmisher
47:49 Iron Casting
47:29 Chain Mail Armor
bvh-*****
转生蒙德城被诺艾尔琴团长安柏优菈疯狂倒贴
allenchien1968
6:34 Loom
17:06 Feudal Age
20:49 Fishing Lines
23:29 Castle Age
21:46 Scale Mail Armor
26:29 Gambesons
31:52 Chain Mail Armor
31:47 Forging
31:05 Pikeman
31:33 Arson
31:50 Squires
36:51 Horse Collar
37:09 Stone Mining
37:09 Gold Mining
37:14 Double-Bit Axe
37:28 Demolition Ship
38:21 Medium Warships
38:57 Gillnets
42:13 Wheelbarrow
42:39 Iron Casting
44:01 Hand Cart
45:59 Fletching
46:09 Padded Archer Armor
48:46 Imperial Age
48:23 Heavy Plow
49:05 Stone Shaft Mining
49:06 Gold Shaft Mining
48:45 Bow Saw
51:17 Two-Man Saw
51:22 Crop Rotation
52:14 Conscription
51:56 Greek Fire
52:57 Bodkin Arrow
53:17 Leather Archer Armor
Connection lost

Rejoining the realm…

Still unreachable

The connection could not be restored.

Session expired

The server has moved on; the page needs a fresh start.